 Dungeon Crawl Stone Soup version 0.22-a0-422-g9628fc8 (webtiles) character file.

53 theanonym the Vexing (level 3, -1/27 HPs)
             Began as a Mummy Enchanter on May 19, 2018.
             Slain by a worm (10 damage)
             ... on level 2 of the Dungeon.
             The game lasted 00:02:28 (2467 turns).

theanonym the Vexing (Mummy Enchanter)              Turns: 2467, Time: 00:02:28

Health: -1/27      AC:  3    Str: 12    XL:     3   Next: 64%
Magic:  7/7        EV: 11    Int: 14    God:
Gold:   106        SH:  0    Dex: 12    Spells: 6/7 levels left

rFire    x . .     SeeInvis .   f - +0 short sword
rCold    + . .     Gourm    .   (no shield)
rNeg     + + +     Faith    .   e - +0 leather armour
rPois    ∞         Spirit   .   (no helmet)
rElec    .         Reflect  .   (no cloak)
rCorr    .         Harm     .   (no gloves)
MR       .....                  (no boots)
Stlth    ++........             (no amulet)
HPRegen  0.09/turn              (no ring)
MPRegen  0.10/turn              (no ring)

@: no status effects
A: no food or potions, fire vulnerability, cold resistance 1, negative energy
resistance 3, torment resistance, unbreathing
a: no special abilities


Innate Abilities, Weirdness & Mutations

You do not eat or drink.
Your flesh is vulnerable to fire.
You are immune to poison.
Your flesh is cold resistant. (rC+)
You are immune to negative energy. (rN+++)
You are immune to unholy pain and torment.
You can survive without breathing.


   Skills:
 + Level 1.7 Fighting
 * Level 2.4 Short Blades
 - Level 1.5 Dodging
 - Level 2.4 Stealth
 - Level 2.6 Spellcasting
 - Level 2.6 Hexes


You had 6 spell levels left.
You knew the following spells:

 Your Spells              Type           Power        Failure   Level  Hunger
a - Corona                Hex            #......      10%         1    N/A

Your spell library contained the following spells:

 Spells                   Type           Power        Failure   Level  Hunger
 Confuse                  Hex            #.......     28%         3    N/A
 Tukima's Dance           Hex            #.......     28%         3    N/A
 Ensorcelled Hibernation  Hex/Ice        #.....       24%         2    N/A
 Dazzling Spray           Conj/Hex       #.....       43%         3    N/A

Skill      XL: |  1  2 |
---------------+-------+-----
Short Blades   | 1 2 |  2.4
Fighting       | 1 |  1.7
Dodging        | |  1.5
Stealth        | |  2.4
Spellcasting   | |  2.6
Hexes          | |  2.6

Action                   || total
-------------------------++-------
Melee: Dagger            ||    40
       Short sword       ||   123
 Cast: Corona            ||     2
 Stab: Sleeping          ||     5
Armor: Robe              ||     4
       Leather armour    ||    21
Dodge: Dodged            ||    82

Inventory:

Hand Weapons
 a - a +1 dagger
 f - a +0 short sword (weapon)
   (You found it on level 1 of the Dungeon)
Armour
 b - a +0 robe
 e - a +0 leather armour (worn)
   (You found it on level 1 of the Dungeon)
 m - a +0 helmet
   (You found it on level 2 of the Dungeon)
Scrolls
 c - a scroll of amnesia {unknown}
 d - a scroll of enchant armour {unknown}
 g - 2 scrolls of identify {unknown}
 h - 2 scrolls of teleportation {unknown}
 i - a scroll of random uselessness {unknown}
 j - a scroll of remove curse {unknown}
 k - a scroll of blinking {unknown}
 l - a scroll of noise {unknown}


You were on level 2 of the Dungeon.
You were not hungry.

You visited 1 branch of the dungeon, and saw 2 of its levels.

You collected 106 gold pieces.

Dungeon Overview and Level Annotations

Branches:
Dungeon (2/15)

Altars:

#.......(.....#
#.###########.######## #.#
#.........).^..### #.#
#.####...##......#
####.#####.###.....#.####.#
..............(....?........
####..########.....#####...#
.....#.# #........##### ..
####..## #.###.@...!...$
#.## #.w#######. #.. ....#
#### [.##.## ##### #. #.
###...##### #. ..÷.#......
#. ###...# #. #..##


You could see a worm.

Notes
Turn   | Place    | Note
-------+----------+-------------------------------------------
     0 | D:1      | theanonym the Mummy Enchanter began the quest for the Orb.
     0 | D:1      | Reached XP level 1. HP: 13/13 MP: 4/4
   159 | D:1      | Reached skill level 1 in Short Blades
   204 | D:1      | Reached XP level 2. HP: 17/20 MP: 5/5
   463 | D:1      | Reached skill level 1 in Fighting
   639 | D:1      | HP: 10/21 [goblin (4)]
   644 | D:1      | HP: 10/21 [goblin (1)]
   649 | D:1      | HP: 4/21 [rat (3)]
  1355 | D:2      | Reached skill level 2 in Short Blades
  1382 | D:2      | Reached XP level 3. HP: 19/26 MP: 7/7
  1389 | D:2      | HP: 13/26 [kobold (2)]
  1570 | D:2      | HP: 13/26 [adder (4)]
  1572 | D:2      | HP: 6/26 [adder (3)]
  1814 | D:2      | HP: 13/26 [hobgoblin/club (4)]
  1853 | D:1      | HP: 13/26 [kobold (3)]
  2061 | D:2      | HP: 13/26 [giant cockroach (1)]
  2066 | D:2      | HP: 10/26 [ball python (2)]
  2460 | D:2      | HP: 13/27 [worm (5)]
  2465 | D:2      | HP: 9/27 [worm (4)]
  2467 | D:2      | Slain by a worm

Vanquished Creatures
  An adder (D:2)
  An ooze (D:1)
  A leopard gecko (D:2)
  A ball python (D:2)
  3 giant cockroaches
  6 goblins
  7 hobgoblins
  A jackal (D:2)
  3 bats
  A frilled lizard (D:1)
  5 kobolds
  5 rats
35 creatures vanquished.

Table legend:
 A = Turns spent in this place as a percentage of turns spent in the entire game.
 B = Non-inter-level travel turns spent in this place as a percentage of non-inter-level travel turns spent in the entire game.
 C = Inter-level travel turns spent in this place as a percentage of turns spent in this place.
 D = Turns resting spent in this place as a percentage of non-inter-level travel turns spent in this place.
 E = Turns spent auto-exploring this place as a percentage of non-inter-level travel turns spent in this place.
 F = Non-inter-level travel turns spent in this place divided by the number of levels of this place that you've seen.
                   A       B       C       D       E      F
               +-------+-------+-------+-------+-------+----------------------
         Total | 100.0 | 100.0 |   2.8 |  49.6 |  35.4 | 1199.5
       Dungeon | 100.0 | 100.0 |   2.8 |  49.6 |  35.4 | 1199.5
               +-------+-------+-------+-------+-------+----------------------
